 Dungeon Crawl Stone Soup version 0.28.0-43-g3370ac3207 (webtiles) character file.

Game seed: 2595102027089301180

77 sking99 the Magician (level 4, -1/33 HPs)
             Began as a Djinni Fire Elementalist on Mar 12, 2022.
             Killed from afar by Natasha (4 damage)
             ... with a magic dart
             ... on level 3 of the Dungeon.
             The game lasted 00:04:53 (3249 turns).

sking99 the Magician (Djinni Fire Elementalist)     Turns: 3249, Time: 00:04:53

Health: -1/33      AC:  4    Str:  7    XL:     4   Next: 60%
Gold:   69         EV: 12    Int: 18    God:
                   SH:  0    Dex: 14

rFire   + + .      SeeInvis .   i - +0 dagger (venom)
rCold   x . .      Faith    .   (no shield)
rNeg    . . .      Spirit   .   a - +0 robe
rPois   ∞          Reflect  .   j - +1 helmet
rElec   .          Harm     .   (no cloak)
rCorr   .          Rampage  .   (no gloves)
Will    .....                   (boots unavailable)
Stlth   ++........              (no amulet)
HPRegen 0.11/turn               (no ring)
MPRegen 0.00/turn               (no ring)

@: flying, slowed, very slow
A: sickness immunity, fire resistance 2, cold vulnerability 1, float, innate
caster, HP casting, extra vitality 1
a: no special abilities


You were on level 3 of the Dungeon.
You visited 1 branch of the dungeon, and saw 3 of its levels.

You collected 69 gold pieces.

Inventory:

Hand Weapons
 i - a +0 dagger of venom (weapon)
Armour
 a - a +0 robe (worn)
 j - a +1 helmet (worn)
Jewellery
 f - a ring of ice
Scrolls
 e - a scroll of teleportation {unknown}
 g - 2 scrolls of identify {unknown}
 h - a scroll of magic mapping {unknown}
Potions
 b - a potion of mutation {unknown}
 c - 3 potions of brilliance {unknown}
 d - a potion of degeneration {unknown}


   Skills:
 + Level 2.0 Fighting
 - Level 2.1 Dodging
 - Level 1.5 Stealth
 * Level 3.5 Spellcasting


You couldn't memorise any spells.
You knew the following spells:

 Your Spells              Type           Power      Damage    Failure   Level
a - Foxfire               Conj/Fire      60%        2x1d7     3%          1
b - Scorch                Fire           30%        2d7       5%          2
c - Conjure Flame         Conj/Fire      15%        6-21      11%         3
d - Inner Flame           Hex/Fire       15%        N/A       11%         3
e - Flame Wave            Conj/Fire      15%        2d6       36%         4
f - Beastly Appendage     Tmut           30%        N/A       3%          1
Your spell library was empty.

Dungeon Overview and Level Annotations

Branches:
Dungeon (3/15)

Altars:
Hepliaklqana

Annotations:
D:3 Natasha


Innate Abilities, Weirdness & Mutations

You are immune to sickness and miasma.
You are immune to poison.
Your flesh is very heat resistant. (rF++)
You are vulnerable to cold. (rC-)
You float through the air rather than walking.
You learn spells naturally, not from books.
Your magical power is your life essence.
You have superior vitality. (+4 MHP)


Message History

Natasha's fire resistance burns away.
The foxfire hits the shadow imp.
The shadow imp is lightly wounded.
The foxfire hits the shadow imp.
The shadow imp is heavily wounded.
Natasha barely misses you.
Casting: Scorch (safe; 5% risk of failure)
Confirm with . or Enter, or press ? or * to list all spells.
Flames lash the shadow imp.
You kill the shadow imp!
The shadow imp disappears in a puff of smoke!
Natasha barely misses you.
Casting: Scorch (safe; 5% risk of failure)
Confirm with . or Enter, or press ? or * to list all spells.
You miscast Scorch.
You are very lightly contaminated with residual magic.
Nothing appears to happen.
The crimson imp hits you. Natasha claws you.
Unknown command.
Casting: Scorch (safe; 5% risk of failure)
Confirm with . or Enter, or press ? or * to list all spells.
You conjure some foxfire!
The crimson imp hits you. Natasha misses you.
You hit Natasha.
Natasha is poisoned.
Natasha is heavily wounded.
Natasha is no longer more vulnerable to fire.
The foxfire hits the crimson imp.
The crimson imp completely resists.
The foxfire hits the crimson imp.
The crimson imp completely resists.
The crimson imp blinks!
Natasha claws you.
You hit Natasha but do no damage. Your punch misses Natasha.
Natasha is heavily wounded.
Natasha stares at you and mumbles some strange words.
You feel yourself slow down. Natasha claws you but does no damage.
Natasha casts a spell at you. The magic dart hits you.
* * * LOW HITPOINT WARNING * * *
Your magical contamination has completely faded away.
Natasha claws you.
* * * LOW HITPOINT WARNING * * *
Natasha stares at you and mumbles some strange words.
The magic dart hits you.
You die...

##.##.#.## ..
##.##.#.# .
...##.#.####.
....#.#......
÷[#÷..(.....#
...†........####
...##.##.......##
....#..#....###.##
##..##.#........@####
##..##.#.#..###.....#
##....#....<# ##.#h5#
##.###.#.##.# ...#..#
...# #.#.##.#.####..#
.... ..#.##.# #..#
########.##.# #..#
..##.. #..# # #.####
#..#


You could see Natasha (poisoned) and a crimson imp (summoned).

Vanquished Creatures
  Robin (D:3)
  An adder (D:3)
  A worm (D:2)
  2 dart slugs
  2 ball pythons
  5 endoplasms
  A giant cockroach (D:1)
  12 goblins
  4 hobgoblins
  3 quokkas
  8 bats
  A frilled lizard (D:3)
  7 rats
48 creatures vanquished.

Vanquished Creatures (others)
  95 foxfires
95 creatures vanquished.

Grand Total: 143 creatures vanquished

Notes
Turn   | Place    | Note
-------+----------+-------------------------------------------
     0 | D:1      | sking99 the Djinni Fire Elementalist began the quest for
                  | the Orb.
     0 | D:1      | Reached XP level 1. HP: 15/15 MP: 0/0
   570 | D:1      | Reached XP level 2. HP: 19/22 MP: 0/0
   819 | D:1      | Reached skill level 1 in Fighting
  1210 | D:1      | Reached XP level 3. HP: 26/27 MP: 0/0
  1210 | D:1      | Learned a level 1 spell: Beastly Appendage
  1266 | D:1      | Reached skill level 3 in Spellcasting
  1305 | D:1      | Found a faded altar of an unknown god.
  1928 | D:2      | Found a hazy altar of Hepliaklqana.
  2028 | D:2      | Identified the +0 ring mail "Akaimmo" {rPois Will- rCorr}
  2511 | D:3      | Noticed Robin
  2892 | D:3      | Reached XP level 4. HP: 30/32 MP: 0/0
  2992 | D:3      | Killed Robin
  3231 | D:3      | Noticed Natasha
  3249 | D:3      | Killed from afar by Natasha

Illustrated notes

Levels and vault maps discovered:
D:1:      dpeg_arrival_circle_labyrinth_c, layout_basic,
          dilly_ecumenical_altar_fadedgnrine, hangedman_abyss_or_decor_stabs
D:2:      layout_loops_ring, basic_altar
D:3:      layout_loops_ring, cheibrodos_ashenzari_chains, grunt_ministairs_8,
          uniq_robin, uniq_natasha, uniq_terence

Skill      XL: |  1  2  3  4 |
---------------+-------------+-----
Fighting       | 1 2 |  2.0
Spellcasting   | 3 |  3.5
Dodging        | |  2.1
Stealth        | |  1.5

Action                   |  1- 3 |  4- 6 || total
-------------------------+-------+-------++-------
Melee: Dagger            |       |     5 ||     5
 Cast: Foxfire           |    51 |     8 ||    59
       Scorch            |    15 |    11 ||    26
       Inner Flame       |     1 |       ||     1
Armor: Robe              |     3 |     2 ||     5
Dodge: Dodged            |    16 |    11 ||    27
